 Dungeon Crawl Stone Soup version 0.29-a0-284-gf9362112df (webtiles) character file.

Game seed: 4739389368932527393

623 siradein the Skirmisher (level 7, 0/55 (61) HPs)
             Began as a Black Draconian Fighter on Mar 25, 2022.
             Slain by a wight
             ... wielding a +0 morningstar
              (2 damage)
             ... on level 6 of the Dungeon.
             The game lasted 00:07:49 (6430 turns).

siradein the Skirmisher (Black Draconian Fighter)   Turns: 6430, Time: 00:07:50

HP:   0/55 (61)     AC:  7    Str: 18    XL:     7   Next: 22%
MP:   7/7           EV: 13    Int:  8    God:
Gold: 122           SH:  5    Dex: 13    Spells: 6/6 levels left

rFire   . . .      SeeInvis .   v - +1 falchion (elec)
rCold   . . .      Faith    .   b - +0 buckler
rNeg    . . .      Spirit   .   (body armour unavailable)
rPois   .          Reflect  .   (helmet restricted)
rElec   +          Harm     .   (no cloak)
rCorr   .          Rampage  .   u - +0 pair of gloves
Will    .....                   (no boots)
Stlth   +.........              (no amulet)
HPRegen 0.18/turn               (no ring)
MPRegen 0.10/turn               (no ring)

@: drained
A: breathe lightning, AC +6, unfitting armour, electricity resistance,
cold-blooded
a: Breathe Lightning


You were on level 6 of the Dungeon.
You visited 1 branch of the dungeon, and saw 6 of its levels.

You collected 220 gold pieces.
You spent 98 gold pieces at shops.

Inventory:

Hand Weapons
 v - a +1 falchion of electrocution (weapon)
 w - a +0 scimitar
Missiles
 d - 76 stones (quivered)
 g - 11 poisoned darts
Armour
 b - a +0 buckler (worn)
 u - a +0 pair of gloves (worn)
Wands
 n - a wand of flame (5)
Scrolls
 a - a scroll of brand weapon {unknown}
 e - 5 scrolls of blinking
 f - 2 scrolls of fear {unknown}
 h - a scroll of vulnerability {unknown}
 i - 2 scrolls of enchant armour {unknown}
 m - 2 scrolls of fog
 p - a scroll of teleportation {unknown}
 t - a scroll of enchant weapon {unknown}
Potions
 c - a potion of might
 j - 2 potions of mutation
 k - a potion of invisibility
 l - 2 potions of heal wounds
 o - a potion of resistance
 q - 2 potions of lignification
 r - a potion of flight {unknown}
 s - 5 potions of curing {unknown}


   Skills:
 + Level 5.4 Fighting
 + Level 4.2 Long Blades
 + Level 4.4 Dodging
 + Level 4.9 Shields


You had 6 spell levels left.
You didn't know any spells.
Your spell library was empty.

Dungeon Overview and Level Annotations

Branches:
Dungeon (6/15)
 Temple: D:4-7

Altars:
Kikubaaqudgha
Wu Jian

Shops:
D:2 (   D:4 ?   D:5 =

Annotations:
D:6 3 runed translucent doors, SweetAndFullOfGrace's ghost, novice MiBe


Innate Abilities, Weirdness & Mutations

You can breathe wild blasts of lightning.
Your glossy black scales are hard. (AC +6)
You cannot fit into any form of body armour.
You are resistant to electric shocks. (rElec)
You are cold-blooded and may be slowed by cold attacks.


Message History

You see here a scroll labelled YTHIXZ HAOSAACW.
The wight closely misses you.
You hit the wight.
The wight is lightly damaged.
The wight hits you from afar with a +4 halberd!
The wight barely misses you.
The wight hits you with a +0 morningstar!
You feel drained. You block the wight's attack.
You hit the wight.
The wight is moderately damaged.
The wight barely misses you. The wight misses you.
You barely miss the wight.
The wight is moderately damaged.
The wight closely misses you.
You hit the wight.
You tail-slap the wight, but do no damage.
The wight is heavily damaged.
The wight closely misses you.
The wight hits you with a +0 morningstar!
You feel drained.
You are too injured to fight recklessly!
You are too injured to fight recklessly!
You are too injured to fight recklessly!
You completely miss the wight.
Your tail-slap misses the wight.
The wight is heavily damaged.
The wight hits you from afar with a +4 halberd!
* * * LOW HITPOINT WARNING * * *
The wight barely misses you. The wight misses you.
You see here a scroll labelled YTHIXZ HAOSAACW.
The wight attacks as you move away! The wight closely misses you.
The wight attacks as you move away! The wight closely misses you.
The wight attacks as you move away! You block the wight's attack.
The wight attacks as you move away! The wight closely misses you.
The wight attacks as you move away! The wight closely misses you.
The wight attacks as you move away!
The wight hits you with a +0 morningstar!
* * * LOW HITPOINT WARNING * * *
You feel drained.
You die...

#.# #........................##.
#.###..##........#..##.......#
#................#..##.....###
#.#.#..##.##.....#..##...<.###
##.#.....#.#......#..##.........
.........................#.......
##.#.................##.##.......
#.#.....#.##.....##.##.##..####.
#.............z@<......# ..#
#.#.##.##.##z....#...#.. ...
#.#.##................... ..
#.......#.##.#...#...#...
#.#.###.#.####...#...+...
#.#.#......?.....#...# #
#....................
#.....######.....#... ......###
........


You could see 2 wights.

Vanquished Creatures
  A bullfrog (D:5)
  A necrophage (D:5)
  A scorpion (D:3)
  2 wights (D:5)
  A jelly (D:6)
  A gnoll shaman (D:6)
  An orc priest (D:3)
  A hound (D:5)
  An orc wizard (D:5)
  An iguana (D:4)
  5 gnolls (D:6)
  4 adders
  A white imp (D:5)
  3 dart slugs
  16 orcs
  A bat (D:2)
  7 endoplasms
  2 giant cockroaches
  5 goblins
  6 hobgoblins
  3 jackals (D:3)
  2 quokkas
  4 ball pythons
  2 frilled lizards (D:1)
  4 kobolds
  5 rats
81 creatures vanquished.

Notes
Turn   | Place    | Note
-------+----------+-------------------------------------------
     0 | D:1      | siradein the Draconian Fighter began the quest for the Orb.
     0 | D:1      | Reached XP level 1. HP: 19/19 MP: 1/1
   215 | D:1      | Reached XP level 2. HP: 24/26 MP: 2/2
  1035 | D:2      | Found Cusink's Weapon Emporium.
  1516 | D:2      | Found a faded altar of an unknown god.
  1529 | D:2      | Found an ancient bone altar of Kikubaaqudgha.
  1812 | D:3      | Reached XP level 3. HP: 30/33 MP: 3/3
  2417 | D:3      | Found an ornate altar of the Wu Jian Council.
  2751 | D:3      | Reached XP level 4. HP: 28/40 MP: 4/4
  2948 | D:3      | Reached skill level 4 in Fighting
  3262 | D:4      | Noticed a scorpion
  3287 | D:3      | Killed a scorpion
  3288 | D:3      | Reached XP level 5. HP: 32/47 MP: 5/5
  3705 | D:4      | HP: 1/47 [iguana (9)]
  4403 | D:4      | Found Iggatus's Magic Scroll Shoppe.
  4410 | D:4      | Bought a scroll of identify for 28 gold pieces
  4410 | D:4      | Bought a scroll of identify for 28 gold pieces
  4410 | D:4      | Bought a scroll of noise for 14 gold pieces
  4410 | D:4      | Bought a scroll of fog for 28 gold pieces
  4493 | D:5      | Entered Level 5 of the Dungeon
  4762 | D:5      | Reached XP level 6. HP: 53/53 MP: 6/6
  5266 | D:5      | Found Ubuxomm's Jewellery Emporium.
  5577 | D:5      | Reached skill level 5 in Fighting
  6021 | D:6      | Your scales start taking on a glossy black colour.
  6021 | D:6      | Reached XP level 7. HP: 55/61 MP: 7/7
  6021 | D:6      | Gained mutation: You are resistant to electric shocks.
                  | (rElec) [Black Draconian growth]
  6100 | D:6      | Noticed SweetAndFullOfGrace's ghost (novice MiBe)
  6101 | D:6      | Found a runed translucent gate.
  6101 | D:6      | Found a runed translucent gate.
  6101 | D:6      | Noticed a yak
  6102 | D:6      | Found a runed translucent gate.
  6430 | D:6      | HP: 2/57 [wight/+0 morningstar (9)]
  6430 | D:6      | Slain by a wight

Illustrated notes

Levels and vault maps discovered:
D:1:      dpeg_arrival_court, layout_basic
D:2:      layout_basic, ebering_ecumenical_altar_box, basic_altar, serial_shops,
          nicolae_shop_crystal, minmay_misc_feat_encased, serial_bayou_pond_d
D:3:      layout_loops_ring, nicolae_overflow_crystal_walls
D:4:      layout_basic, serial_shops, nicolae_shop_trees,
          amcnicky_mini_rare_corridor_liquid
D:5:      layout_basic, serial_shops, nicolae_shop_hallway_plus,
          nrook_mini_vaults
D:6:      layout_basic, gammafunk_ghost_split

Skill      XL: |  1  2  3  4  5  6 |
---------------+-------------------+-----
Dodging        | 3 4 |  4.4
Fighting       | 4 5 |  5.4
Long Blades    | 3 4 |  4.2
Shields        | 4 |  4.9

Action                   |  1- 3 |  4- 6 |  7- 9 || total
-------------------------+-------+-------+-------++-------
Melee: Long sword        |   135 |    26 |       ||   161
       Tailslap          |     8 |    11 |     5 ||    24
       Falchion          |       |    87 |    24 ||   111
 Abil: Breathe Lightning |       |       |     1 ||     1
  Use: Scroll            |       |     5 |       ||     5
       Potion            |       |     1 |       ||     1
Armor: Skin              |    44 |    24 |     5 ||    73
Dodge: Dodged            |    72 |    43 |    23 ||   138
Block: Buckler           |    30 |    18 |    13 ||    61

Table legend: (Time is in decaauts)
 A = Elapsed time spent in this place.
 B = Non-inter-level travel time spent in this place.
 C = Inter-level travel time spent in this place.
 D = Time resting spent in this place.
 E = Time spent auto-exploring this place.
 F = Levels seen in this place.
 G = Mean time per level.
                   A        B        C        D        E       F      G
               +--------+--------+--------+--------+--------+-----+--------+
         Total |   6507 |   6369 |    138 |   1129 |   4410 |   6 | 1084.5 |
       Dungeon |   6507 |   6369 |    138 |   1129 |   4410 |   6 | 1084.5 |
               +--------+--------+--------+--------+--------+-----+--------+

Top non-repeatable levels by time:
     D:3: 1571 daAuts
     D:5: 1515 daAuts
     D:4: 1188 daAuts
     D:1: 1046 daAuts
     D:2: 751 daAuts
     D:6: 435 daAuts
